 Dungeon Crawl Stone Soup version 0.29.1-1-gd02db69 (webtiles) character file.

Game seed: 11566368760579984087

489 Dorkslayer the Chopper (level 7, 0/60 HPs)
             Began as a Hill Orc Fighter on Oct 17, 2022.
             Succumbed to a water moccasin's poison
             ... on level 5 of the Dungeon.
             The game lasted 00:08:31 (4577 turns).

Dorkslayer the Chopper (Hill Orc Fighter)           Turns: 4577, Time: 00:08:31

Health: 0/60       AC:  9    Str: 21    XL:     7   Next: 14%
Magic:  7/7        EV:  6    Int:  8    God:
Gold:   250        SH:  8    Dex: 10    Spells: 6/6 levels left

rFire   + . .      SeeInvis .   a - +0 war axe
rCold   + . .      Faith    .   h - +0 kite shield
rNeg    + . .      Spirit   .   c - +0 chain mail
rPois   +          Reflect  .   (no helmet)
rElec   +          Harm     .   (no cloak)
rCorr   +          Rampage  .   (no gloves)
Will    .....                   (no boots)
Stlth   ..........              (no amulet)
HPRegen 0.20/turn               n - ring of positive energy
MPRegen 0.10/turn               (no ring)

@: lethally poisoned (0 -> -28), resistant
A: no striking features
a: no special abilities


You were on level 5 of the Dungeon.
You visited 2 branches of the dungeon, and saw 6 of its levels.

You collected 250 gold pieces.

Inventory:

Hand Weapons
 a - a +0 war axe (weapon)
Armour
 c - a +0 chain mail (worn)
 h - a +0 kite shield (worn)
Jewellery
 n - a ring of positive energy (left hand)
 p - a ring of protection from fire
Wands
 o - a wand of iceblast (11)
Scrolls
 b - a scroll of amnesia
 d - a scroll of fear
 f - a scroll of poison {unknown}
 g - a scroll of magic mapping
 i - 2 scrolls of vulnerability {unknown}
 j - 3 scrolls of silence {unknown}
 l - 3 scrolls of teleportation {unknown}
 q - a scroll of immolation {unknown}
Potions
 m - 2 potions of resistance
 r - a potion of flight


   Skills:
 + Level 4.6 Fighting
 + Level 5.9 Axes
 + Level 4.5 Armour
 + Level 1.7 Dodging
 + Level 0.1 Stealth
 + Level 4.3 Shields
 * Level 2.5 Evocations


You had 6 spell levels left.
You didn't know any spells.
Your spell library contained the following spells:

 Spells                   Type           Power      Damage    Failure   Level
 Ensorcelled Hibernation  Hex/Ice        0%         N/A       100%        2
 Passwall                 Tmut/Erth      0%         N/A       100%        2
 Swiftness                Air            0%         N/A       100%        3


Dungeon Overview and Level Annotations

Branches:
Dungeon (5/15)             Temple (1/1) D:4

Altars:
Dithmenos
Elyvilon
Fedhas
Makhleb
Nemelex Xobeh
Okawaru
Qazlal
Ru
Trog
Uskayaw
Wu Jian
Yredelemnul
Zin
The Shining One


Message History

The water moccasin poisons you! The gnoll barely misses you.
You feel very sick.
The water moccasin bites you but does no damage.
You block the gnoll's attack. The water moccasin closely misses you.
You hit the gnoll but do no damage. You miss the water moccasin.
You feel very sick. The water moccasin barely misses you.
You block the gnoll's attack. The water moccasin bites you!
You are more poisoned.
The water moccasin poisons you!
You slash the gnoll!
You kill the gnoll!
You hit the water moccasin.
* * * LOW HITPOINT WARNING * * *
You feel extremely sick. The water moccasin bites you.
* * * LOW HITPOINT WARNING * * *
The water moccasin bites you.
* * * LOW HITPOINT WARNING * * *
You are more poisoned.
The water moccasin poisons you!
You feel much better.
You feel extremely sick. You block the water moccasin's attack.
You feel protected.
* * * LOW HITPOINT WARNING * * *
You feel very sick. The water moccasin bites you.
* * * LOW HITPOINT WARNING * * *
You are more poisoned.
The water moccasin poisons you!
The water moccasin bites you but does no damage.
You hit the water moccasin.
The water moccasin is almost dead.
* * * LOW HITPOINT WARNING * * *
You feel extremely sick.
The water moccasin bites you but does no damage.
You closely miss the water moccasin.
The water moccasin is almost dead.
You die...

..## #... .# #>.# ...
#..# ..##..## .#.# #
.....# .#.#.#
##..##.).# .#.#.#
......S@.# .#.#.#
###.###..######.#.#.#
#.............#.#.#
#.###....(...##.#.#
.. ######........# ##
###.##...# #.####.#
#......# #####..#


You could see a water moccasin.

Vanquished Creatures
  2 scorpions (D:5)
  A howler monkey (D:5)
  Ijyb (D:3)
  An iguana (D:5)
  2 orc wizards (D:4)
  7 adders
  5 gnolls
  An ufetubus (D:5)
  2 worms
  3 dart slugs
  9 orcs
  9 ball pythons
  6 endoplasms
  7 giant cockroaches
  10 goblins
  9 hobgoblins
  9 quokkas
  A bat (D:2)
  3 frilled lizards
  6 kobolds
  4 rats
98 creatures vanquished.

Notes
Turn   | Place    | Note
-------+----------+-------------------------------------------
     0 | D:1      | Dorkslayer the Hill Orc Fighter began the quest for the
                  | Orb.
     0 | D:1      | Reached XP level 1. HP: 19/19 MP: 1/1
   254 | D:1      | Reached XP level 2. HP: 27/27 MP: 2/2
   339 | D:1      | Reached skill level 3 in Axes
   390 | D:1      | Reached XP level 3. HP: 23/33 MP: 3/3
  1128 | D:2      | Reached skill level 1 in Dodging
  1128 | D:2      | Reached XP level 4. HP: 26/40 MP: 4/4
  1149 | D:2      | Reached skill level 4 in Axes
  1883 | D:3      | Reached XP level 5. HP: 21/46 MP: 5/5
  2154 | D:3      | HP: 2/46 [gnoll/+0 halberd (14)]
  2597 | D:3      | Found a blossoming altar of Fedhas.
  2931 | D:3      | Found a faded altar of an unknown god.
  2933 | D:3      | Noticed Ijyb
  2942 | D:3      | Killed Ijyb
  2943 | D:3      | Reached skill level 5 in Axes
  3067 | D:4      | Reached XP level 6. HP: 6/52 MP: 6/6
  3073 | D:4      | Reached skill level 1 in Evocations
  3448 | D:4      | Identified the +1 robe "Wimmug" {Int+4}
  3475 | D:4      | Found a staircase to the Ecumenical Temple.
  3493 | Temple   | Entered the Ecumenical Temple
  3704 | D:4      | Found a shadowy altar of Dithmenos.
  3967 | D:5      | Entered Level 5 of the Dungeon
  4210 | D:5      | Reached XP level 7. HP: 10/60 MP: 7/7
  4577 | D:5      | Succumbed to a water moccasin's poison

Illustrated notes

Levels and vault maps discovered:
D:1:      minmay_arrival_arboretum_small, layout_loops_ring
D:2:      layout_basic
D:3:      layout_loops_ring, fedhas_altar_2, chequers_ecumenical_altar_simple,
          skrybe_limestone_x, hangedman_glass_teeth, uniq_ijyb
D:4:      layout_loops_ring, marbit_many_paths, minmay_temple_entry_mini_moons
D:5:      layout_loops_ring, mainiacjoe_overflow_catwalk
Temple:   nicolae_temple_ecumenical_triangle

Skill      XL: |  1  2  3  4  5  6 |
---------------+-------------------+-----
Axes           | 3 4 5 |  5.9
Fighting       | 4 |  4.6
Dodging        | 1 |  1.7
Armour         | 4 |  4.5
Shields        | 4 |  4.3
Evocations     | 2 |  2.5
Stealth        | |  0.1

Action                   |  1- 3 |  4- 6 |  7- 9 || total
-------------------------+-------+-------+-------++-------
Melee: War axe           |    93 |   200 |    10 ||   303
  Use: Potion            |       |     6 |     2 ||     8
       Scroll            |       |     3 |     1 ||     4
Armor: Scale mail        |    17 |       |       ||    17
       Chain mail        |    34 |    93 |     9 ||   136
Dodge: Dodged            |    33 |    62 |     5 ||   100
Block: Buckler           |     1 |       |       ||     1
       Kite shield       |    43 |    97 |     4 ||   144
